AoeStats
← BOT jose

Four Lakes

509926423Analyzed
1v1 RM · 4d ago on Sep 28, 2026· 36m 32s· 2 players
Game mode
Random Map
Map size
Tiny (2 player)
Population
200
Speed
Normal
Resources
Standard
Victory
Conquest
Starting age
Dark Age
Ending age
Imperial Age
RankedLock teamsTeams togetherTeam positionsShared explorationLock speedFull tech treeHidden civsTurbo modeCheats
Victory
Defeat
🇦🇷 Varangians · Argentina
1474
+17
🇵🇪 Celts · Peru
1499
-17
the_fever
7:19 Loom
9:59 Feudal Age
10:42 Double-Bit Axe
15:13 Fletching
22:22 Castle Age
21:22 Fishing Lines
22:04 Bloodlines
22:18 Gold Mining
23:05 Light Cavalry
23:46 Husbandry
24:07 Bow Saw
24:55 Horse Collar
26:51 Heavy Plow
27:20 Gillnets
27:43 Scale Barding Armor
29:06 Squires
28:51 Arson
29:08 Scale Mail Armor
30:05 Chain Barding Armor
29:42 Stone Mining
30:45 Wheelbarrow
32:14 Forging
33:48 Town Watch
36:47 Bodkin Arrow
BOT jose
7:01 Loom
8:58 Feudal Age
9:46 Double-Bit Axe
11:49 Wheelbarrow
10:59 Man-at-Arms
18:02 Castle Age
16:41 Horse Collar
17:53 Gold Mining
18:04 Fletching
22:28 Bow Saw
22:49 Town Watch
24:13 Scale Mail Armor
25:57 Gold Shaft Mining
28:15 Heavy Plow
29:52 Hand Cart
31:04 Pikeman
32:02 Chain Mail Armor
33:36 Bodkin Arrow
36:52 Imperial Age
34:38 Forging
36:03 Iron Casting
Connection lost

Rejoining the realm…

Still unreachable

The connection could not be restored.

Session expired

The server has moved on; the page needs a fresh start.